 Dungeon Crawl Stone Soup version 0.24.0-125-gc4c63601f3 (webtiles) character file.

Game seed: 17844330475020859392, levelgen mode: deterministic

779 1994 the Skirmisher (level 7, -1/76 HPs)
             Began as an Ogre Gladiator on Feb 21, 2020.
             Was a Believer of Ru.
             Slain by a centaur (6 damage)
             ... on level 5 of the Dungeon.
             The game lasted 00:13:55 (4757 turns).

1994 the Skirmisher (Ogre Gladiator)                Turns: 4757, Time: 00:13:56

Health: -1/76      AC:  4    Str: 19    XL:     7   Next: 85%
Magic:  7/7        EV: 16    Int: 11    God:    Ru [**....]
Gold:   216        SH:  0    Dex: 15    Spells: 6/6 levels left

rFire    + . .     SeeInvis .   a - +0 flail
rCold    . . .     Gourm    .   (no shield)
rNeg     . . .     Faith    .   b - +0 robe
rPois    .         Spirit   .   c - +0 hat
rElec    .         Reflect  .   w - +0 cloak
rCorr    .         Harm     .   (gloves unavailable)
MR       .....                  (boots unavailable)
Stlth    +++.......             o - amulet of regeneration
HPRegen  0.62/turn              q - ring of protection from fire
MPRegen  0.10/turn              B - ring of stealth

@: agile
A: large, unfitting armour, tough skin 1, inability to use devices
a: Renounce Religion


You were on level 5 of the Dungeon.
You worshipped Ru.
Ru was pleased with you.
You were very hungry.

You visited 1 branch of the dungeon, and saw 5 of its levels.

You collected 216 gold pieces.

Inventory:

Hand Weapons
 a - a +0 flail (weapon)
 p - the +3 Elemental Staff {rElec rF++ rC++ MR++ AC+5}
   (You found it on level 5 of the Dungeon)

   It affects your AC (+5).
   It greatly protects you from fire.
   It greatly protects you from cold.
   It insulates you from electricity.
   It affects your resistance to hostile enchantments.
 v - a +1 giant club
Missiles
 d - 4 throwing nets
 h - 182 stones
 i - 49 poisoned darts (quivered)
 y - 6 atropa-tipped darts
 E - 28 sling bullets
Armour
 b - a +0 robe (worn)
 c - a +0 hat (worn)
 w - a +0 cloak (worn)
Jewellery
 o - an amulet of regeneration (around neck)
 q - a ring of protection from fire (left hand)
 B - a ring of stealth (right hand)
Wands
 s - a wand of paralysis (14)
 u - a wand of iceblast (5)
 H - a wand of digging (7)
Scrolls
 g - a scroll of noise {unknown}
 j - 2 scrolls of enchant weapon
 l - 2 scrolls of blinking
 n - a scroll of identify
 r - 2 scrolls of teleportation
 t - 2 scrolls of magic mapping {unknown}
 x - a scroll of remove curse {unknown}
 G - a scroll of fear {unknown}
Potions
 e - a potion of haste
 k - 3 potions of curing
 z - a potion of flight {unknown}
 A - 2 potions of brilliance
 C - a potion of resistance
 D - a potion of heal wounds
 F - a potion of mutation
Comestibles
 f - 6 rations


   Skills:
 + Level 6.9 Fighting
 * Level 6.9 Maces & Flails
 - Level 2.0 Throwing
 - Level 2.6 Dodging


You had 6 spell levels left.
You didn't know any spells.
Your spell library contained the following spells:

 Spells                   Type           Power        Failure   Level  Hunger
 Animate Skeleton         Necr           N/A          34%         1    ##.....
 Apportation              Tloc           #.....       34%         1    ##.....
 Confusing Touch          Hex            #.....       34%         1    ##.....
 Summon Small Mammal      Summ           #...         34%         1    ##.....


Dungeon Overview and Level Annotations

Branches:
Dungeon (5/15)
 Temple: D:4-7

Altars:
Dithmenos
Ru
Wu Jian


Innate Abilities, Weirdness & Mutations

You are too large for most types of armour.
You have tough skin. (AC +1)
You cannot study or use magical devices.


Message History

You sock the ogre!
The ogre is moderately wounded.
You hit the centaur but do no damage.
The centaur unwields a +0 shortbow.
The centaur misses you. The ogre misses you. The centaur closely misses you.
You sock the centaur!
The centaur is heavily wounded.
The ogre hits you with a +0 giant club!!
* * * LOW HITPOINT WARNING * * *
The centaur hits you.
* * * LOW HITPOINT WARNING * * *
You hit the centaur.
The centaur is severely wounded.
The centaur barely misses you. The ogre misses you.
The centaur barely misses you.
The crimson imp blinks!
You hit the centaur.
The centaur is almost dead.
The centaur hits you.
* * * LOW HITPOINT WARNING * * *
The ogre misses you. The centaur hits you.
You die...

####....(.........
#..........?#.....
#.........(.#.....
#....####....#
##.....##.c..#
#.....##....#
#.....##(...#
#.....##(...#
#.....@O....##
###...#..c........
#.....#............
#.....#............
#....####...#......
###### #...#......
....#...... ....#
?... .###


You could see an ogre and a centaur.

Vanquished Creatures
  A sky beast (D:5)
  2 ogres (D:4)
  A centaur (D:5)
  A scorpion (D:4)
  2 howler monkeys
  A crimson imp (D:5)
  A bullfrog skeleton (D:5)
  4 worker ants
  7 adders
  An ooze (D:2)
  A worm (D:4)
  A dart slug (D:1)
  2 leopard geckos
  2 orcs (D:3)
  2 ball pythons
  4 giant cockroaches
  4 goblins
  5 hobgoblins
  16 jackals
  11 kobolds
  2 quokkas
  8 bats
  6 frilled lizards
  A jackal skeleton (D:4)
  3 rats
  A fungus (D:3)
90 creatures vanquished.

Notes
Turn   | Place    | Note
-------+----------+-------------------------------------------
     0 | D:1      | 1994 the Ogre Gladiator began the quest for the Orb.
     0 | D:1      | Reached XP level 1. HP: 22/22 MP: 1/1
   389 | D:1      | Reached XP level 2. HP: 31/31 MP: 2/2
  1013 | D:1      | Reached XP level 3. HP: 35/37 MP: 3/3
  1371 | D:2      | Found a shadowy altar of Dithmenos.
  2149 | D:2      | Reached XP level 4. HP: 48/48 MP: 4/4
  2723 | D:3      | Reached XP level 5. HP: 48/55 MP: 5/5
  2923 | D:3      | Found an ornate altar of the Wu Jian Council.
  3023 | D:3      | Found a sacrificial altar of Ru.
  3037 | D:3      | Became a worshipper of Ru the Awakened
  3350 | D:4      | Reached skill level 5 in Fighting
  3350 | D:4      | Reached skill level 5 in Maces & Flails
  3433 | D:4      | Reached XP level 6. HP: 66/66 MP: 6/6
  3912 | D:4      | Reached XP level 7. HP: 75/75 MP: 7/7
  4369 | D:5      | Entered Level 5 of the Dungeon
  4493 | D:5      | Found the +3 Elemental Staff {rElec rF++ rC++ MR++ AC+5}
  4550 | D:5      | HP: 1/76 [centaur (4)]
  4731 | D:5      | Gained mutation: You cannot study or use magical devices.
                  | [Ru sacrifice]
  4731 | D:5      | Reached * piety under Ru
  4731 | D:5      | Reached ** piety under Ru
  4757 | D:5      | Slain by a centaur

Levels and vault maps discovered:
D:1:      grunt_arrival_crossed_arrows, layout_basic, minmay_hexomino_u4
D:2:      layout_loops_corners, grunt_dithmenos_smoke_and_mirrors
D:3:      layout_rooms, lemuel_round_altar, minmay_misc_feat_tiny,
          nicolae_ru_the_path_less_chosen
D:4:      layout_basic
D:5:      layout_basic, eat_drink_and_be_merry_uskayaw, serial_shops,
          nicolae_shop_crystal, first_ration, uniq_menkaure

Skill      XL: |  1  2  3  4  5  6 |
---------------+-------------------+-----
Fighting       | 3 4 5 6 |  6.9
Maces & Flails | 3 4 5 6 |  6.9
Throwing       | |  2.0
Dodging        | |  2.6

Action                   |  1- 3 |  4- 6 |  7- 9 || total
-------------------------+-------+-------+-------++-------
Melee: Flail             |   120 |   135 |    37 ||   292
       Staff             |       |       |    36 ||    36
Throw: Dart              |     6 |    32 |     1 ||    39
Invok: Sacrifice Artific |       |       |     1 ||     1
  Use: Scroll            |       |       |    11 ||    11
       Potion            |       |       |     2 ||     2
 Stab: Sleeping          |       |     1 |       ||     1
  Eat: Chunk             |     4 |     5 |     2 ||    11
Armor: Robe              |    52 |    38 |    17 ||   107
Dodge: Dodged            |    92 |    79 |    46 ||   217
